 Dungeon Crawl Stone Soup version 0.20.1-1-g8b1a95d (webtiles) character file.

261 Supahsalami the Shield-Bearer (level 5, -6/49 HPs)
             Began as a Deep Dwarf Fighter on Nov 6, 2017.
             Mangled by an ogre
             ... wielding a +0 giant club
              (8 damage)
             ... on level 6 of the Dungeon.
             The game lasted 00:13:08 (2740 turns).

Supahsalami the Shield-Bearer (Deep Dwarf Fighter)  Turns: 2740, Time: 00:13:08

Health: -6/49      AC: 16    Str: 21    XL:     5   Next: 96%
Magic:  4/4        EV:  1    Int:  8    God:
Gold:   105        SH: 10    Dex: 12    Spells: 4/4 levels left

rFire    . . .     SeeInvis .   a - +0 war axe
rCold    . . .     Gourm    .   c - +0 shield
rNeg     . . .     Faith    .   n - +0 crystal plate armour
rPois    .         Spirit   .   (no helmet)
rElec    .         Reflect  .   (no cloak)
rCorr    .         Harm     .   (no gloves)
MR       .....                  (no boots)
Stlth    ..........             (no amulet)
Regen    0.0/turn               (no ring)
MPRegen  0.1/turn               (no ring)

@: non-regenerating
A: damage resistance, heal wounds, sense surroundings 1, no regeneration
a: Heal Wounds


You were on level 6 of the Dungeon.
You were hungry.

You visited 1 branch of the dungeon, and saw 6 of its levels.

You collected 105 gold pieces.

Inventory:

Hand Weapons
 a - a +0 war axe (weapon)
 s - a cursed -2 quarterstaff
Missiles
 h - 110 stones (quivered)
Armour
 b - a +0 scale mail
 c - a +0 shield (worn)
 j - a +0 ring mail
 n - a +0 crystal plate armour (worn)
Jewellery
 q - an uncursed ring of magical power {unknown}
Scrolls
 e - 2 scrolls of identify
 i - a scroll of remove curse {unknown}
 k - a scroll of noise {unknown}
 o - a scroll of recharging
 t - 2 scrolls of teleportation {unknown}
 u - a scroll of vulnerability {unknown}
Potions
 d - 3 potions of might
 p - a potion of lignification {unknown}
Comestibles
 f - a bread ration
 g - a meat ration
 l - a fruit
 m - 2 royal jellies


   Skills:
 + Level 3.4 Fighting
 + Level 4.5 Axes
 + Level 0.3 Throwing
 + Level 4.3 Armour
 + Level 0.4 Dodging
 + Level 4.5 Shields


You had 4 spell levels left.
You didn't know any spells.

Dungeon Overview and Level Annotations

Branches:
Dungeon (6/15)
 Temple: D:4-7

Altars:

Annotations:
D:4 Eustachio


Innate Abilities, Weirdness & Mutations

You are resistant to damage.
You can heal yourself by infusing magical energy.
You passively map a small area around you.
You do not regenerate.


Message History

You barely miss the ogre.
The ogre is severely wounded.
Your crystal plate armour prevents you from hitting the adder.
The adder bites you but does no damage. The ogre hits you but does no damage.
You block the adder's attack.
Your crystal plate armour prevents you from hitting the ogre.
The ogre is severely wounded.
Your crystal plate armour prevents you from hitting the adder.
You block the adder's attack. The ogre hits you with a giant club!
* * * LOW HITPOINT WARNING * * *
The adder bites you but does no damage.
You hit the ogre.
The ogre is almost dead.
Your crystal plate armour prevents you from hitting the adder.
You block the adder's attack. You block the ogre's attack.
You hit the ogre.
The ogre is almost dead.
You closely miss the adder. The adder bites you but does no damage.
The ogre hits you with a giant club!
You die...

######## ##......##
# ##........## # * *
###...$......# ##
##............# ##.
* * #............#
##..
##..S.........###...
#..@O........##.....
*
##..............#...
*
###################
, ,, ,,, # * , ,,# ,
, ,# , , , ,, ,# , ,
,, # ,,, #


You could see an ogre and an adder.

Vanquished Creatures
  4 worker ants
  8 adders
  A howler monkey skeleton (D:5)
  A shadow imp (D:4)
  An ooze (D:3)
  5 worms
  A dart slug (D:1)
  A leopard gecko (D:2)
  4 orcs
  2 ball pythons (D:1)
  5 giant cockroaches
  5 goblins
  4 hobgoblins (D:2)
  3 jackals (D:4)
  2 quokkas
  6 bats
  A jackal skeleton (D:5)
  6 kobolds
  4 rats
64 creatures vanquished.

Notes
Turn   | Place    | Note
-------+----------+-------------------------------------------
     0 | D:1      | Supahsalami the Deep Dwarf Fighter began the quest for the Orb.
     0 | D:1      | Reached XP level 1. HP: 20/20 MP: 1/1
   155 | D:1      | Reached XP level 2. HP: 27/27 MP: 2/2
   916 | D:1      | Reached XP level 3. HP: 16/34 MP: 3/3
  2215 | D:3      | Reached XP level 4. HP: 42/42 MP: 3/3
  2247 | D:3      | Noticed an ogre
  2316 | D:4      | Noticed an ogre
  2319 | D:5      | Entered Level 5 of the Dungeon
  2338 | D:5      | Reached XP level 5. HP: 48/49 MP: 4/4
  2404 | D:5      | Noticed a centaur
  2641 | D:4      | Noticed Eustachio
  2683 | D:5      | Noticed an ice beast
  2709 | D:6      | Noticed an ogre
  2738 | D:6      | HP: 2/49 [ogre/giant club (4)]
  2740 | D:6      | Mangled by an ogre

Skill      XL: |  1  2  3  4  5 |
---------------+----------------+-----
Fighting       | 3 |  3.4
Shields        | 4 |  4.5
Axes           | 3 4 |  4.5
Armour         | 4 |  4.3
Throwing       | |  0.3
Dodging        | |  0.4

Action                   |  1- 3 |  4- 6 || total
-------------------------+-------+-------++-------
Melee: War axe           |   167 |   140 ||   307
Throw: Stone             |    34 |    11 ||    45
 Abil: Heal Wounds       |     1 |     1 ||     2
  Use: Scroll            |     1 |     1 ||     2
       Potion            |     1 |       ||     1
  Eat: Chunk             |     4 |     2 ||     6
Armor: Scale mail        |    49 |       ||    49
       Crystal plate arm |    91 |   183 ||   274
Dodge: Dodged            |    25 |    12 ||    37
Block: Shield            |   127 |   129 ||   256
